 Dungeon Crawl Stone Soup version 0.29-a0-997-gf6f7e2dfe7 (webtiles) character file.

Game seed: 11007859237054099118

3297 Newt the Cleaver (level 9, -10/66 HPs)
             Began as a Demonspawn Gladiator on Aug 4, 2022.
             Was a Follower of Wu Jian.
             Mangled by a komodo dragon (13 damage)
             ... on level 9 of the Dungeon.
             The game lasted 00:13:58 (8754 turns).

Newt the Cleaver (Demonspawn Gladiator)             Turns: 8754, Time: 00:13:59

Health: -10/66     AC: 12    Str: 18    XL:     9   Next: 70%
Magic:  9/9        EV: 11    Int: 10    God:    Wu Jian [*.....]
Gold:   391        SH:  0    Dex: 15    Spells: 8/8 levels left

rFire   . . .      SeeInvis .   l - +2 war axe (drain)
rCold   . . .      Faith    .   (no shield)
rNeg    . . .      Spirit   .   i - +3 scale mail
rPois   .          Reflect  .   c - +0 helmet
rElec   .          Harm     .   (no cloak)
rCorr   .          Rampage  .   v - +0 pair of gloves
Will    .....                   (no boots)
Stlth   +.........              (no amulet)
HPRegen 0.21/turn               (no ring)
MPRegen 0.11/turn               (no ring)

@: no status effects
A: demonic guardian 2, foul stench 2, weakness stinger 1
a: Renounce Religion


You were on level 9 of the Dungeon.
You worshipped Wu Jian.
Wu Jian was aware of your devotion.
You visited 2 branches of the dungeon, and saw 10 of its levels.

You collected 391 gold pieces.

Inventory:

Hand Weapons
 a - a +0 trident
 l - a +2 war axe of draining (weapon)
Missiles
 d - a throwing net
 e - a javelin
 o - 6 poisoned darts
 p - 6 boomerangs (quivered)
 t - 16 boomerangs of dispersal
Armour
 b - a +0 leather armour
 c - a +0 helmet (worn)
 i - a +3 scale mail (worn)
 v - a +0 pair of gloves (worn)
Wands
 f - a wand of mindburst (14)
 w - a wand of flame (14)
 z - a wand of roots (12)
Scrolls
 q - 2 scrolls of teleportation
 s - a scroll of silence
 u - a scroll of summoning
 y - a scroll of amnesia
Potions
 g - 2 potions of attraction
 h - 2 potions of brilliance {unknown}
 j - 2 potions of lignification {unknown}
 k - 3 potions of curing
 m - a potion of mutation {unknown}
 n - 3 potions of magic {unknown}
 r - a potion of heal wounds {unknown}
 A - a potion of invisibility {unknown}
 B - a potion of haste {unknown}


   Skills:
 + Level 4.7 Fighting
 * Level 9.0(9.4) Axes
 - Level 3.6(6.8) Polearms
 * Level 4.4 Throwing
 + Level 4.6 Armour
 + Level 3.8 Dodging
 + Level 2.4 Stealth


You had 8 spell levels left.
You didn't know any spells.
Your spell library contained the following spells:

 Spells                   Type           Power      Damage    Failure   Level
 Poisonous Vapours        Pois/Air       0%         N/A       86%         2
 Static Discharge         Conj/Air       0%         3-3/arc   86%         2
 Anguish                  Hex/Necr       0%         N/A       100%        4
 Corpse Rot               Necr/Pois/Air  0%         N/A       100%        4
 Dispel Undead            Necr           0%         3d6       100%        4
 Sticky Flame             Conj/Fire      0%         2d3       100%        4
 Summon Forest            Summ/Tloc      0%         N/A       100%        5
 Summon Mana Viper        Hex/Summ       0%         N/A       100%        5
 Summon Cactus Giant      Summ           0%         N/A       100%        6
 Enfeeble                 Hex            0%         N/A       100%        7


Dungeon Overview and Level Annotations

Branches:
Dungeon (9/15)             Temple (1/1) D:5
   Lair: D:8-11         Orc: D:9-12

Altars:
Cheibriados
Dithmenos
Fedhas
Hepliaklqana
Kikubaaqudgha
Makhleb
Nemelex Xobeh
Qazlal
Ru
Sif Muna
Trog
Uskayaw
Vehumet
Wu Jian
Xom
Yredelemnul


Innate Abilities, Weirdness & Mutations

A demonic guardian rushes to your aid.
You sometimes emit foul miasma when damaged in melee.
You have a small tail.


Message History

The komodo dragon escapes!
Throw: 7 darts (poison)
Press: ? - help, Shift-Dir - straight line, f/p - komodo dragon
Aim: a komodo dragon (heavily wounded, extremely poisoned, 70% to hit)
You throw a poisoned dart.
The poisoned dart hits the komodo dragon.
The komodo dragon looks as sick as possible!
The komodo dragon is heavily wounded.
The centaur shoots an arrow.
The arrow misses you.
You hear a bellow!
You lunge at the komodo dragon.
You hit the komodo dragon but do no damage.
You drain the komodo dragon.
You tail-slap the komodo dragon, but do no damage.
The komodo dragon is heavily wounded.
The centaur shoots an arrow.
The arrow hits you! The komodo dragon closely misses you.
The centaur shoots an arrow.
The arrow hits you.
You see here a killer bee corpse.
You hit the komodo dragon but do no damage.
The komodo dragon is heavily wounded.
The centaur shoots an arrow.
The arrow barely misses you. The komodo dragon bites you!!
Unknown command.
You hit the komodo dragon but do no damage.
You drain the komodo dragon. You tail-slap the komodo dragon.
The komodo dragon is severely wounded.
The centaur shoots an arrow.
The arrow hits you!
* * * LOW HITPOINT WARNING * * *
A demonic guardian appears!
The komodo dragon bites you!
* * * LOW HITPOINT WARNING * * *
Read: 2 scrolls of summoning
Press: ? - help, Q - select action, (/) - cycle Dir - look around, f - activate
As you read the scroll of summoning, it crumbles to dust.
Wisps of shadow whirl around you...
The centaur shoots an arrow.
The arrow closely misses you. The arrow hits your wight.
A yak comes into view. x2
The komodo dragon bites you!
You die...

..##.......<..#......
..##.....##...#.....#
..##.....##...#.....+
.........###+##.....###
####.....#............##.
<..####+##.............Y.
.............ocz......cY.
..................o......
...............o@........
..............Ozl.4......
#....###'#######(.z..#+##
#....#.....# #o....#
#....#.....# #.....#
#....#.....# #(.>..#
#....#.....# #(....#
#....#'##### #.....#
#....#....####


You could see a komodo dragon (very poisoned, drained, ally target), 2 yaks, a
centaur, a friendly two-headed ogre (summoned), a friendly hellwing (summoned),
a friendly centaur (summoned), 3 friendly wights, a friendly orc priest
(summoned), a friendly orc wizard (summoned) and 2 friendly orcs.

Vanquished Creatures
  The ghost of xian the Thaumaturge, a novice SpCj of Gozag (D:6)
  Grinder (D:4)
  A wraith (D:9)
  A wyvern (D:8)
  Duvessa (D:6)
  2 ice beasts
  A sky beast (D:8)
  2 ogres
  A phantom (D:3)
  A bullfrog (D:8)
  4 kobold brigands
  A scorpion (D:4)
  Dowan (D:6)
  5 killer bees (D:9)
  2 howler monkeys (D:8)
  5 hounds
  4 orc priests
  3 jellies (D:6)
  3 iguanas
  5 orc wizards
  Robin (D:4)
  8 gnolls
  8 adders
  An ufetubus (D:5)
  A worm (D:3)
  A dart slug (D:2)
  27 orcs
  6 ball pythons
  8 bats
  11 endoplasms
  4 giant cockroaches
  10 hobgoblins
  4 jackals (D:1)
  3 quokkas
  5 frilled lizards
  12 goblins
  22 kobolds
  6 rats
183 creatures vanquished.

Vanquished Creatures (collateral kills)
  An acid dragon (D:8)
  A centaur (D:8)
  A kobold brigand (D:4)
  A hobgoblin (D:4)
4 creatures vanquished.

Vanquished Creatures (others)
  17 fungi (D:3)
  5 plants (D:2)
22 creatures vanquished.

Grand Total: 209 creatures vanquished

Notes
Turn   | Place    | Note
-------+----------+-------------------------------------------
     0 | D:1      | Newt the Demonspawn Gladiator began the quest for the Orb.
     0 | D:1      | Reached XP level 1. HP: 16/16 MP: 1/1
   290 | D:1      | Found a faded altar of an unknown god.
   362 | D:1      | Gained mutation: You may rarely emit foul miasma when
                  | damaged in melee. [demonic ancestry]
   362 | D:1      | Reached XP level 2. HP: 22/22 MP: 2/2
   905 | D:1      | Gained mutation: A weak demonic guardian rushes to your
                  | aid. [demonic ancestry]
   905 | D:1      | Reached XP level 3. HP: 19/27 MP: 3/3
  1470 | D:2      | Gained mutation: You have a small tail. [demonic ancestry]
  1470 | D:2      | Reached XP level 4. HP: 17/33 MP: 4/4
  1473 | D:2      | Reached skill level 1 in Axes
  1474 | D:2      | Reached skill level 1 in Armour
  2202 | D:3      | Noticed a phantom
  2207 | D:3      | Killed a phantom
  2208 | D:3      | Reached skill level 2 in Axes
  2208 | D:3      | Reached skill level 1 in Stealth
  2208 | D:3      | Reached XP level 5. HP: 39/39 MP: 5/5
  2613 | D:3      | Found a snail-covered altar of Cheibriados.
  2974 | D:4      | Noticed Grinder
  2979 | D:4      | Paralysed by Grinder for 3 turns
  3057 | D:4      | Gained mutation: A demonic guardian rushes to your aid.
                  | [demonic ancestry]
  3057 | D:4      | Reached XP level 6. HP: 41/46 MP: 6/6
  3067 | D:4      | Killed Grinder
  3068 | D:4      | Reached skill level 3 in Axes
  3181 | D:4      | Reached skill level 4 in Axes
  3239 | D:4      | Reached XP level 7. HP: 51/51 MP: 7/7
  3380 | D:4      | Noticed Robin
  3398 | D:4      | Killed Robin
  3556 | D:4      | Reached skill level 5 in Axes
  3757 | D:4      | Found an ancient bone altar of Kikubaaqudgha.
  3949 | D:5      | Entered Level 5 of the Dungeon
  4462 | D:5      | Found a hazy altar of Hepliaklqana.
  4515 | D:5      | Found a staircase to the Ecumenical Temple.
  4524 | Temple   | Entered the Ecumenical Temple
  4839 | D:5      | Found an ornate altar of the Wu Jian Council.
  4863 | D:5      | Reached XP level 8. HP: 18/58 MP: 8/8
  5145 | D:5      | Became a worshipper of the Wu Jian Council
  5655 | D:6      | Reached skill level 6 in Axes
  5949 | D:6      | Noticed Duvessa
  5949 | D:6      | Noticed Dowan
  5958 | D:6      | Killed Duvessa
  5964 | D:6      | Killed Dowan
  6105 | D:6      | Reached skill level 7 in Axes
  6477 | D:6      | Found a runed translucent gate.
  6478 | D:6      | Found a runed translucent gate.
  6478 | D:6      | Found a runed translucent gate.
  6479 | D:6      | Noticed xian's ghost (novice SpCj)
  6603 | D:6      | Killed xian's ghost
  6604 | D:6      | Gained mutation: You sometimes emit foul miasma when
                  | damaged in melee. [demonic ancestry]
  6604 | D:6      | Reached XP level 9. HP: 20/65 MP: 9/9
  6932 | D:7      | You fall into a shaft and drop 1 floor!
  6948 | D:8      | Found a bloodstained altar of Trog.
  7348 | D:8      | Reached skill level 8 in Axes
  7459 | D:8      | Found a shimmering altar of Xom.
  7521 | D:8      | Reached * piety under Wu Jian
  8530 | D:9      | Noticed a komodo dragon
  8544 | D:9      | Reached skill level 9 in Axes
  8753 | D:9      | HP: 3/66 [komodo dragon (10)]
  8754 | D:9      | Mangled by a komodo dragon

Illustrated notes

Levels and vault maps discovered:
D:1:      dpeg_arrival_lava_temple_mockup, layout_loops_ring,
          ebering_ecumenical_altar_ruins, st_stairs_5, serial_bayou_pond_a
D:2:      layout_basic, serial_forest, infiniplex_forest_clump_tiny,
          infiniplex_forest_fountain, infiniplex_forest_lined_corner,
          infiniplex_forest_clump_double, infiniplex_forest_clump_C
D:3:      layout_loops_ring, mainiacjoe_overflow_chevrons,
          nicolae_elevator_lobby_plus
D:4:      layout_rooms, lemuel_coloured_pillars_altar, okawaru_gym_becter,
          uniq_robin, uniq_grinder
D:5:      layout_layer_cave, nzn_hepliaklqana_mist_gate, lemuel_tele_altar,
          minmay_temple_entry_stoned_glass
D:6:      layout_basic, ebering_ghost_rock_garden, minmay_unpleasant_kobolds,
          uniq_duvessa
D:7:      layout_basic, nicolae_gozag_zags_fifth_avenue
D:8:      layout_basic, mainiacjoe_overflow_alcove_1, elyvilon_altar_1,
          mainiacjoe_overflow_brackets
D:9:      layout_gridville, marbit_many_paths, gammafunk_ghost_ooze,
          chequers_serial_rivers_micro_a
Temple:   nicolae_temple_ecumenical_triangle

Skill      XL: |  1  2  3  4  5  6  7  8  9 |
---------------+----------------------------+-----
Polearms       | 3 |  3.6
Dodging        | 3 |  3.8
Axes           | 2 4 5 7 9 |  9.0
Armour         | 1 2 4 |  4.6
Stealth        | 1 2 |  2.4
Throwing       | 2 3 4 |  4.4
Fighting       | 3 4 |  4.7

Action                   |  1- 3 |  4- 6 |  7- 9 || total
-------------------------+-------+-------+-------++-------
Melee: Trident           |   129 |       |       ||   129
       Punch             |     2 |       |     4 ||     6
       War axe           |     6 |    73 |   276 ||   355
       Tailslap          |       |     9 |    36 ||    45
Throw: Javelin           |     1 |       |       ||     1
       Boomerang         |       |     8 |     7 ||    15
       Throwing net      |       |     2 |     1 ||     3
       Dart              |       |       |    12 ||    12
Invok: Lunge             |       |       |    16 ||    16
Evoke: Wand              |       |       |     2 ||     2
  Use: Scroll            |     4 |     1 |     8 ||    13
       Potion            |     1 |     2 |     1 ||     4
 Stab: Sleeping          |     2 |       |       ||     2
       Distracted        |       |       |     2 ||     2
Armor: Leather armour    |    40 |       |       ||    40
       Scale mail        |    17 |    38 |   142 ||   197
Dodge: Dodged            |    85 |    35 |   161 ||   281

Table legend: (Time is in decaauts)
 A = Elapsed time spent in this place.
 B = Non-inter-level travel time spent in this place.
 C = Inter-level travel time spent in this place.
 D = Time resting spent in this place.
 E = Time spent auto-exploring this place.
 F = Levels seen in this place.
 G = Mean time per level.
                   A        B        C        D        E       F      G
               +--------+--------+--------+--------+--------+-----+--------+
         Total |   8862 |   8616 |    246 |   1484 |   5921 |  10 |  886.2 |
       Dungeon |   8796 |   8550 |    246 |   1484 |   5921 |   9 |  977.3 |
        Temple |     66 |     66 |      0 |      0 |      0 |   1 |   66.0 |
               +--------+--------+--------+--------+--------+-----+--------+

Top non-repeatable levels by time:
     D:5: 1632 daAuts
     D:8: 1418 daAuts
     D:6: 1292 daAuts
     D:1: 1146 daAuts
     D:2: 968 daAuts
     D:3: 965 daAuts
     D:4: 954 daAuts
     D:9: 410 daAuts
  Temple: 66 daAuts
     D:7: 8 daAuts
